[Event "Turkey IS Bank Super League 2017"]
[Site "Darica-Kocaeli"]
[Date "2017.08.03"]
[Round "9"]
[White "Gundogan, Sinem Cagla"]
[Black "Duran, Esma Doga"]
[Result "1-0"]
[ECO "C02"]
[WhiteElo "2000"]
[BlackElo "1939"]
[Annotator "NA"]
[PlyCount "67"]
[EventType "team-tourn"]
[EventCountry "TUR"]
[SourceTitle "playchess.com"]
[Source "ChessBase"]
[SourceQuality "1"]
[TimeControl "40/5400+30:1800+30"]

1. e4 e6 2. d4 d5 3. Bd3 Nf6 4. e5 Nfd7 5. Nf3 c5 6. c3 Nc6 7. O-O Qb6 {[%emt 0:03:30] LiveBook: 7 Games} 8. dxc5 Bxc5 9. b4 Be7 10. Re1 a5 11. b5 Ncb8 12. a4 Nc5 13. Bc2 Nbd7 14. Na3 Qd8 15. Nd4 Nf8 $16 16. Qg4 Ng6 17. f4 O-O 18. Be3 f5 19. Qe2 b6 20. c4 Bb7 21. Rad1 Qc8 22. cxd5 exd5 23. Nb1 Ne4 24. Bxe4 dxe4 25. Qa2+ Rf7 26. Rc1 Bc5 27. Red1 Qe8 28. Rxc5 bxc5 29. Nxf5 Qf8 30. Nd6 Rb8 31. Bxc5 Ne7 32. Nxf7 Qxf7 33. Qxf7+ Kxf7 34. Rd7 1-0

[Event "Turkey IS Bank Super League 2017"]
[Site "Darica-Kocaeli"]
[Date "2017.08.03"]
[Round "9"]
[White "Ozbay, Ece"]
[Black "Yassibag, Ipek Asli"]
[Result "1-0"]
[ECO "B01"]
[WhiteElo "1970"]
[BlackElo "1880"]
[Annotator "NA"]
[PlyCount "61"]
[EventType "team-tourn"]
[EventCountry "TUR"]
[SourceTitle "playchess.com"]
[Source "ChessBase"]
[SourceQuality "1"]
[TimeControl "40/5400+30:1800+30"]

1. e4 d5 2. exd5 Nf6 3. Bb5+ Bd7 4. Bc4 Bg4 5. f3 Bf5 6. g4 {[%emt 0:00:30] B01: Scandinavian Defence} (6. Nc3 Nbd7 7. g4 Nb6 8. b3 Bc8 9. Bb2 Nfxd5 10. Nxd5 Nxd5 11. Qe2 e6 12. O-O-O b6 13. Nh3 Bb7 14. f4 Bd6 15. f5 Qe7 16. Bxg7 {1-0 (40) Caruana,F (2795)-Akobian,V (2615) Saint Louis 2016}) 6... Bg6 7. Nc3 Nbd7 8. f4 Be4 9. Nf3 $146 ({Predecessor:} 9. Nxe4 Nxe4 10. Qf3 Nd6 11. Bb3 a5 12. a3 h5 13. g5 g6 {1-0 (52) Oleksienko,M (2509)-Ragot,N (2203) Guingamp 2006}) 9... Nb6 10. Bb5+ c6 11. dxc6 Bxc6 12. Bxc6+ bxc6 13. Ne5 Qc7 14. Qf3 Rc8 15. b3 e6 16. Bb2 Bd6 17. Ne2 Nfd5 18. Nd3 f6 $18 (18... O-O $142 19. c4 Nb4) 19. O-O c5 20. c4 Ne7 21. Ng3 Ng6 22. Qe4 Qe7 23. f5 Nf8 24. fxe6 Bxg3 25. hxg3 Nxe6 26. Rae1 Kd7 27. Re3 Qd6 28. Qf5 g6 29. Qxf6 Rhf8 30. Ne5+ Ke8 31. Nf7 1-0

[Event "Turkey IS Bank Super League 2017"]
[Site "Darica-Kocaeli"]
[Date "2017.08.03"]
[Round "9"]
[White "Sumer, Gun"]
[Black "Secer, Ata"]
[Result "0-1"]
[ECO "B47"]
[WhiteElo "1965"]
[BlackElo "2301"]
[Annotator "NA"]
[PlyCount "72"]
[EventType "team-tourn"]
[EventCountry "TUR"]
[SourceTitle "playchess.com"]
[Source "ChessBase"]
[SourceQuality "1"]
[TimeControl "40/5400+30:1800+30"]

1. e4 c5 2. Nf3 e6 3. d4 cxd4 4. Nxd4 Nc6 5. Nc3 Qc7 6. Ndb5 Qb8 7. Be3 a6 8. Bb6 axb5 9. Nxb5 Bb4+ 10. c3 Ba5 {[%emt 0:00:30] B47: Sicilian: Taimanov: 5 Nc3 Qc7 6 f4, 6 g3 and 6 Be2} 11. Nc7+ Qxc7 12. Bxc7 Bxc7 13. Be2 Nf6 14. Qc2 O-O 15. O-O d5 16. exd5 exd5 17. a3 $146 ({Predecessor:} 17. a4 Be6 18. Bb5 {1-0 (42) Chumpitaz Carbajal,A (2163)-Molina,R (2464) Medellin 2017}) 17... Be6 18. Bd3 g6 19. f4 Ng4 20. f5 Ne3 21. Qb3 Na5 ({Much worse is} 21... Nxf1 $6 22. fxe6 Ne3 23. Qxb7 $11) 22. Qb5 Nxf5 23. Bxf5 Bxf5 ({Better is} 23... gxf5 $17 24. Qc5 Be5) 24. Rxf5 gxf5 25. Qxd5 Nc6 26. Qxf5 Ne5 27. h4 f6 28. Qe6+ Kh8 29. Rf1 Rae8 30. Qb3 b6 31. Qb5 {[%emt 0:02:30] [#]} Ng4 $1 32. Qd7 Bh2+ 33. Kh1 Re4 34. g3 Rfe8 35. Rf4 (35. Rf3 $17) 35... Re1+ 36. Kg2 Rg1+ 0-1

[Event "Turkey IS Bank Super League 2017"]
[Site "Darica-Kocaeli"]
[Date "2017.08.03"]
[Round "9"]
[White "Tirak, Mert"]
[Black "Sevgi, Volkan"]
[Result "1-0"]
[ECO "B16"]
[WhiteElo "1909"]
[BlackElo "2199"]
[Annotator "ChessBase"]
[PlyCount "165"]
[EventType "team-tourn"]
[EventCountry "TUR"]
[SourceTitle "playchess.com"]
[Source "ChessBase"]
[SourceQuality "1"]
[TimeControl "40/5400+30:1800+30"]

1. e4 c6 2. d4 d5 3. Nc3 dxe4 4. Nxe4 Nf6 5. Nxf6+ gxf6 6. c3 Bf5 7. g3 Qd5 8. Nf3 Nd7 9. Bg2 Qc4 10. Qb3 Qa6 11. Be3 Nb6 12. Nd2 Bd3 13. O-O-O e6 14. Bf1 Bxf1 15. Rhxf1 O-O-O 16. Kb1 Rd5 17. c4 Ra5 18. Rc1 Be7 19. Rfd1 Rd8 20. Ne4 Nd7 21. d5 c5 22. f4 Qb6 23. Qxb6 axb6 24. dxe6 fxe6 25. Nd6+ Bxd6 26. Rxd6 Re8 27. Rcd1 Re7 28. Bd2 Ra8 29. Bc3 Kc7 30. b3 Rae8 31. R6d3 e5 32. fxe5 fxe5 33. Re3 e4 34. g4 Rf8 35. g5 Nb8 36. h4 Rf5 37. Rde1 Rf4 38. h5 Rg4 39. g6 hxg6 40. h6 Nd7 41. Bg7 Rh4 42. Rg1 Rf7 43. Re2 Nf8 44. Rge1 Nh7 45. Rxe4 Rxe4 46. Rxe4 Kd7 47. Re2 g5 48. Kb2 g4 49. Ka3 b5 50. cxb5 b6 51. Rg2 Rf4 52. Re2 Rf5 53. Be5 Rg5 54. Bf4 Rf5 55. Be5 Rg5 56. Bg3 Rg6 57. Bf4 Rf6 58. Bc1 g3 59. Rg2 Rf3 60. Bb2 Ke6 61. Rg1 Kf5 62. Bg7 Re3 63. Ka4 Re2 64. b4 c4 65. Rxg3 Rxa2+ 66. Ra3 Rd2 67. Rc3 Ra2+ 68. Ra3 Rd2 69. Rc3 Ra2+ 70. Ra3 Re2 71. Bd4 Re6 72. Rc3 Rxh6 73. Rxc4 Rh4 74. Kb3 Nf8 75. Bxb6 Rxc4 76. Kxc4 Ke6 77. Bc5 Nd7 78. b6 Nb8 79. b7 Kd7 80. Ba7 Kc7 81. Bxb8+ Kxb8 82. Kc5 Kc7 83. b8=Q+ 1-0

[Event "Turkey IS Bank Super League 2017"]
[Site "Darica-Kocaeli"]
[Date "2017.08.03"]
[Round "9"]
[White "Ayazmali, Gizem"]
[Black "Yurdakul, Didem Nuray"]
[Result "1-0"]
[ECO "A07"]
[WhiteElo "1849"]
[BlackElo "1697"]
[Annotator "NA"]
[PlyCount "91"]
[EventType "team-tourn"]
[EventCountry "TUR"]
[SourceTitle "playchess.com"]
[Source "ChessBase"]
[SourceQuality "1"]
[TimeControl "40/5400+30:1800+30"]

1. Nf3 d5 2. g3 c6 3. Bg2 Bg4 4. O-O Nd7 5. d4 Ngf6 6. c4 e6 7. Bf4 Be7 8. Nbd2 O-O 9. h3 Bh5 $11 {[%emt 0:07:30] [%clk 1:11] LiveBook: 4 Games} 10. g4 Bg6 11. Ne5 Nxe5 12. dxe5 Nd7 13. cxd5 exd5 14. Bg3 Bh4 15. Bxh4 Qxh4 16. f4 f5 17. g5 Nc5 18. Rc1 Ne6 19. e3 h6 20. Nf3 Qg3 21. gxh6 gxh6 22. Qe1 Qxe1 23. Rfxe1 Kf7 24. Kf2 Rg8 25. Bf1 Rg7 26. Bd3 Rag8 27. Rg1 Bh7 28. Rxg7+ Rxg7 29. Nh4 d4 30. Nxf5 dxe3+ 31. Kxe3 Bxf5 32. Bxf5 Rg2 33. Rc2 Rg3+ 34. Kf2 Rg7 35. Bxe6+ Kxe6 36. Rd2 Rf7 37. Rd6+ Ke7 38. Kf3 h5 39. Rh6 Rg7 40. Rxh5 Rg1 41. Rh7+ Ke6 42. Rxb7 Rf1+ 43. Ke3 Rh1 44. Rxa7 Rxh3+ 45. Ke4 Rh5 46. f5+ 1-0

[Event "Turkey IS Bank Super League 2017"]
[Site "Darica-Kocaeli"]
[Date "2017.08.03"]
[Round "9"]
[White "Kargaci, Humeyra"]
[Black "Sade, Defne"]
[Result "0-1"]
[ECO "D18"]
[WhiteElo "1737"]
[BlackElo "1654"]
[Annotator "NA"]
[PlyCount "64"]
[EventType "team-tourn"]
[EventCountry "TUR"]
[SourceTitle "playchess.com"]
[Source "ChessBase"]
[SourceQuality "1"]
[TimeControl "40/5400+30:1800+30"]

1. d4 d5 2. Nf3 Nf6 3. c4 c6 4. Nc3 dxc4 5. a4 Bf5 6. e3 e6 7. Bxc4 Bb4 8. Qb3 Qe7 9. Bd2 a5 10. O-O O-O 11. Rfe1 Bg6 12. Ne2 Na6 13. Bxb4 Nxb4 14. Rac1 b5 15. axb5 cxb5 16. Bxb5 Rfb8 17. Nc3 Nd3 18. Ne5 Nxc1 19. Rxc1 Qb4 20. Qc4 Qxb2 21. Rf1 Nd5 22. Bc6 Nxc3 23. Bxa8 Rxa8 24. Qc6 Be4 25. Qc7 Ne2+ 26. Kh1 Qb7 27. Qxb7 Bxb7 28. Ra1 Bd5 29. Nd7 a4 30. Nb6 Ra6 31. Nxa4 Nc3 32. Rc1 Rxa4 0-1

[Event "Turkey IS Bank Super League 2017"]
[Site "Darica-Kocaeli"]
[Date "2017.08.03"]
[Round "9"]
[White "Aluc, Bulut Evrim"]
[Black "Avramidou, Anastasia"]
[Result "1-0"]
[ECO "D05"]
[WhiteElo "1699"]
[BlackElo "2247"]
[Annotator "NA"]
[PlyCount "89"]
[EventType "team-tourn"]
[EventCountry "TUR"]
[SourceTitle "playchess.com"]
[Source "ChessBase"]
[SourceQuality "1"]
[TimeControl "40/5400+30:1800+30"]

1. d4 Nf6 2. Nf3 e6 3. e3 d5 4. b3 Bb4+ {[%emt 0:00:30] D05: Colle System with ...e6} (4... b6 5. Bd3 Bb7 6. O-O Bd6 7. c4 O-O 8. Bb2 Nbd7 9. Nc3 a6 10. Qe2 Ne4 11. Rfd1 Qe7 12. Rac1 f5 13. h3 Rf7 14. Bb1 Raf8 15. a4 Rf6 16. Ne5 Nxe5 17. dxe5 Bxe5 18. Nxe4 Bxb2 19. Nxf6+ Qxf6 {1-0 (69) Bacrot,E (2695)-Cornette,M (2586) chess.com INT 2017}) 5. c3 Be7 6. Bb2 O-O 7. Bd3 b6 8. Nbd2 Ba6 $146 ({Predecessor:} 8... c5 9. O-O Ba6 10. c4 Nc6 11. Rc1 Rc8 12. Re1 Qc7 13. Ne5 Nb4 14. Bb1 dxc4 15. bxc4 Rfd8 16. Qa4 Bb7 17. a3 Nc6 18. Ndf3 {1-0 (26) Ivic,R-Stanetzek,C Cologne 1991}) 9. c4 c5 10. Qe2 Nc6 11. O-O Rc8 12. a3 Na5 13. dxc5 bxc5 (13... dxc4 $11 14. bxc4 Rxc5) 14. Rab1 Bb7 15. Ng5 h6 16. Nh3 Qd7 17. f3 Rfd8 18. Nf2 Nc6 19. f4 Na5 20. Rfd1 Qc7 (20... Nc6 $1 $11) 21. Be5 Qb6 22. Ng4 $14 Qc6 23. Nxf6+ Bxf6 24. Bxf6 gxf6 25. Qh5 Kf8 26. cxd5 exd5 27. e4 d4 28. Nf3 Ke7 29. e5 Rg8 30. Kh1 f5 31. Bxf5 Rcf8 32. Re1 Rg7 33. b4 cxb4 34. Rxb4 Qc3 35. Qh4+ Ke8 36. Qh5 Rxg2 37. Rxb7 Nxb7 38. e6 Re2 39. Rxe2 Qc1+ 40. Re1 Qxf4 41. exf7+ Kd8 42. Re8+ Kc7 43. Rxf8 Qc1+ 44. Ng1 Nd6 45. Rc8+ 1-0